 Dungeon Crawl Stone Soup version 0.27.0-1-g7a089689b8 (webtiles) character file.

Game seed: 15246169861516458139

39 wakim the Cudgeller (level 3, -1/31 HPs)
             Began as a Gnoll Wanderer on Aug 2, 2021.
             Was an Initiate of Ashenzari.
             Slain by a gnoll (6 damage)
             ... on level 2 of the Dungeon.
             The game lasted 00:03:08 (940 turns).

wakim the Cudgeller (Gnoll Wanderer)                 Turns: 940, Time: 00:03:08

Health: -1/31      AC:  9    Str: 12    XL:     3   Next: 45%
Magic:  7/7        EV:  9    Int:  9    God:    Ashenzari [......]
Gold:   18         SH:  0    Dex: 13    Spells: 6/7 levels left

rFire    . . .     SeeInvis .   a - +3 short sword "Share My Sybil" {Melee, Cun} (curse)
rCold    . . .     Faith    .   (no shield)
rNeg     . . .     Spirit   .   b - +2 scale mail
rPois    .         Reflect  .   (no helmet)
rElec    .         Harm     .   (no cloak)
rCorr    .         Rampage  .   (no gloves)
Will     .....                  f - +0 pair of boots
Stlth    +.........             (no amulet)
HPRegen  0.10/turn              (no ring)
MPRegen  0.10/turn              (no ring)

@: no status effects
A: fangs 1, strong nose, distributed training
a: Renounce Religion, Shatter the Chains


You were on level 2 of the Dungeon.
You worshipped Ashenzari.
Ashenzari was noncommittal.
You visited 1 branch of the dungeon, and saw 2 of its levels.

You collected 18 gold pieces.

Inventory:

Hand Weapons
 a - the cursed +3 short sword "Share My Sybil" (weapon) {Melee, Cun}
   (You took it off a kobold on level 1 of the Dungeon)

   It has a curse which improves the following skills: Melee Combat: Short
   Blades, Long Blades, Axes, Maces & Flails, Polearms, Staves and Unarmed
   Combat.
   Cunning:   Dodging and Stealth.
Missiles
 d - 7 poisoned darts
Armour
 b - a +2 scale mail (worn)
 e - a +1 ring mail of cold resistance
 f - a +0 pair of boots (worn)
Scrolls
 c - 2 scrolls of amnesia
 R - a scroll of magic mapping {!r}


   Skills:
 + Level 4.5 Fighting
 + Level 0.8(1.1) Short Blades
 + Level 0.8(1.1) Long Blades
 + Level 0.8(1.1) Axes
 + Level 4.5(5.0) Maces & Flails
 + Level 0.8(1.1) Polearms
 + Level 0.8(1.1) Staves
 + Level 0.8 Slings
 + Level 0.8 Bows
 + Level 0.8 Crossbows
 + Level 0.8 Throwing
 + Level 2.6 Armour
 + Level 0.8(1.1) Dodging
 + Level 2.4(2.8) Stealth
 + Level 2.6 Shields
 + Level 0.8(1.1) Unarmed Combat
 + Level 2.8 Spellcasting
 + Level 0.5 Conjurations
 + Level 0.5 Hexes
 + Level 0.5 Summonings
 + Level 0.5 Necromancy
 + Level 0.5 Translocations
 + Level 0.5 Transmutations
 + Level 3.7 Fire Magic
 + Level 0.5 Ice Magic
 + Level 0.5 Air Magic
 + Level 0.5 Earth Magic
 + Level 0.5 Poison Magic
 + Level 1.0 Invocations
 + Level 0.8 Evocations


You had 6 spell levels left.
You knew the following spells:

 Your Spells              Type           Power      Damage    Failure   Level
a - Foxfire               Conj/Fire      20%        2x1d5     54%         1

Your spell library contained the following spells:

 Spells                   Type           Power      Damage    Failure   Level
 Conjure Flame            Conj/Fire      5%         6-21      88%         3


Dungeon Overview and Level Annotations

Branches:
Dungeon (2/15)

Altars:
Ashenzari


Innate Abilities, Weirdness & Mutations

You have very sharp teeth.
Your uncanny sense of smell can sniff out nearby items.
Your experience applies equally to all skills.


Message History

The gnoll is heavily wounded.
The gnoll hits you but does no damage. The gnoll hits you with a +0 spear.
A goblin comes into view. It is wielding a +0 dagger.
The gnoll hits you but does no damage.
You hit the gnoll.
The gnoll is heavily wounded.
The gnoll hits you but does no damage. The gnoll hits you with a +0 spear.
The gnoll closely misses you.
You hit the gnoll.
You kill the gnoll!
The gnoll hits you from afar with a +0 spear.
The gnoll hits you but does no damage.
Your Invocations skill increases to level 1!
You barely miss the gnoll.
The gnoll hits you from afar with a +0 spear.
The gnoll hits you but does no damage.
The gnoll hits you from afar with a +0 spear.
You are too injured to fight recklessly!
You are too injured to fight recklessly!
Unknown command.
You puncture the goblin!
You kill the goblin!
The gnoll hits you but does no damage. x2
The gnoll hits you with a +0 whip.
* * * LOW HITPOINT WARNING * * *
The gnoll barely misses you.
Things that are here:
a +0 dagger; a goblin corpse The gnoll barely misses you.
The gnoll hits you from afar with a +0 spear.
* * * LOW HITPOINT WARNING * * *
You see here a jackal corpse.
You see here a scroll of identify.
The gnoll hits you but does no damage.
The gnoll hits you from afar with a +0 spear!
* * * LOW HITPOINT WARNING * * *
You puncture the gnoll!
The gnoll is severely wounded.
The gnoll hits you with a +0 whip.
You die...

#....................#.
#..)..†.......).†......
#...)..........†.......
#..............?.......##
...#...........#........#
.. #..........##g#......#
. #...........##.#....>.#
#............##g#####.#..
..#############@# ...#
#..# .. #..>. ∆ ....###
###.. ∆ ∆ ..# #.# ## ∆


You could see 2 gnolls.

Vanquished Creatures
  A gnoll (D:2)
  2 ball pythons (D:1)
  3 bats (D:1)
  3 endoplasms
  A giant cockroach (D:2)
  5 goblins
  A hobgoblin (D:2)
  2 jackals (D:2)
  3 frilled lizards
  3 kobolds (D:1)
  4 rats
28 creatures vanquished.

Notes
Turn   | Place    | Note
-------+----------+-------------------------------------------
     0 | D:1      | wakim the Gnoll Wanderer began the quest for the Orb.
     0 | D:1      | wakim set off with the following items: a +0 mace, a +2
                  | scale mail; and the following spell memorised: Foxfire; and
                  | the following spells available to memorise: Conjure Flame
     0 | D:1      | Reached XP level 1. HP: 20/20 MP: 4/4
    20 | D:1      | Found a faded altar of an unknown god.
   110 | D:1      | Reached XP level 2. HP: 15/26 MP: 5/5
   492 | D:1      | Became a worshipper of Ashenzari the Shackled
   850 | D:2      | Reached XP level 3. HP: 25/31 MP: 7/7
   922 | D:2      | Reached skill level 1 in Invocations
   940 | D:2      | Slain by a gnoll

Illustrated notes

Levels and vault maps discovered:
D:1:      heliophobic_arrival_henge, layout_basic,
          hellmonk_ecumenical_altar_lost_god, hangedman_feature_mirror,
          hangedman_abyss_or_decor_lesser_grid
D:2:      layout_rooms

Skill      XL: |  1  2  3 |
---------------+----------+-----
Invocations    | 1 |  1.0
Fighting       | |  4.5
Short Blades   | |  0.8
Long Blades    | |  0.8
Axes           | |  0.8
Maces & Flails | |  4.5
Polearms       | |  0.8
Staves         | |  0.8
Slings         | |  0.8
Bows           | |  0.8
Crossbows      | |  0.8
Throwing       | |  0.8
Armour         | |  2.6
Dodging        | |  0.8
Stealth        | |  2.4
Shields        | |  2.6
Unarmed Combat | |  0.8
Spellcasting   | |  2.8
Conjurations   | |  0.5
Hexes          | |  0.5
Summonings     | |  0.5
Necromancy     | |  0.5
Translocations | |  0.5
Transmutations | |  0.5
Fire Magic     | |  3.7
Ice Magic      | |  0.5
Air Magic      | |  0.5
Earth Magic    | |  0.5
Poison Magic   | |  0.5
Evocations     | |  0.8

Action                   || total
-------------------------++-------
Melee: Mace              ||    19
       Short sword       ||    49
       Bite              ||     4
Invok: Curse Item        ||     1
Armor: Scale mail        ||    46
Dodge: Dodged            ||    33
